 Dungeon Crawl Stone Soup version 0.29.1-2-gbd0b4ee654 (webtiles) character file.

Game seed: 18377063585497401299

7 slushfilter the Firebug (level 1, 0/14 HPs)
             Began as a Demigod Fire Elementalist on Nov 11, 2022.
             Slain by a jackal (3 damage)
             ... on level 1 of the Dungeon.
             The game lasted 00:05:33 (111 turns).

slushfilter the Firebug (Demigod Fire Elementalist)  Turns: 111, Time: 00:05:34

Health: 0/14       AC:  2    Str:  9    XL:     1   Next: 66%
Magic:  1/5        EV: 12    Int: 17    God:
Gold:   0          SH:  0    Dex: 14    Spells: 2/3 levels left

rFire   . . .      SeeInvis .   c - +0 sling
rCold   . . .      Faith    .   (no shield)
rNeg    . . .      Spirit   .   a - +0 robe
rPois   .          Reflect  .   (no helmet)
rElec   .          Harm     .   (no cloak)
rCorr   .          Rampage  .   (no gloves)
Will    .....                   (no boots)
Stlth   ++........              (no amulet)
HPRegen 0.04/turn               (no ring)
MPRegen 0.09/turn               (no ring)

@: very slightly contaminated
A: high MP 1, forlorn, divine attributes
a: no special abilities


You were on level 1 of the Dungeon.
You visited 1 branch of the dungeon, and saw 1 of its levels.

Inventory:

Hand Weapons
 c - a +0 sling (weapon)
Armour
 a - a +0 robe (worn)
Potions
 b - a potion of magic


   Skills:
 + Level 0.3 Ranged Weapons
 + Level 1.8 Dodging
 + Level 1.8 Stealth
 + Level 1.8 Spellcasting
 + Level 0.8 Conjurations
 + Level 3.0 Fire Magic


You had 2 spell levels left.
You knew the following spells:

 Your Spells              Type           Power      Damage    Failure   Level
a - Foxfire               Conj/Fire      32%        2x1d5     9%          1

Your spell library contained the following spells:

 Spells                   Type           Power      Damage    Failure   Level
 Scorch                   Fire           22%        2d6       9%          2
 Conjure Flame            Conj/Fire      8%         6-21      26%         3
 Inner Flame              Hex/Fire       6%         N/A       32%         3
 Flame Wave               Conj/Fire      8%         2d5       65%         4


Dungeon Overview and Level Annotations

Branches:
Dungeon (1/15)


Innate Abilities, Weirdness & Mutations

You have an increased reservoir of magic. (+10% MP)
You shall have no god before yourself.
Your divine heritage dramatically boosts your attributes as you level up.


Message History

Aim: a jackal (moderately wounded, 45% to hit)
You shoot a sling bullet.
The sling bullet closely misses the jackal.
The sling bullet misses the jackal.
The sling bullet hits the jackal!
You kill the jackal!
The jackal bites you. The jackal closely misses you.
Your Fire Magic skill increases to level 3!
Fire: c) +0 sling
Press: ? - help, Q - select action, (/) - cycle Shift-Dir - straight line, f/p - jackal
Aim: a jackal (moderately wounded, 45% to hit)
You shoot a sling bullet.
The sling bullet hits the jackal but does no damage.
The jackal is moderately wounded.
The jackal barely misses you.
The jackal bites you but does no damage.
The jackal attacks as you move away! The jackal barely misses you.
The jackal misses you. The jackal attacks as you move away!
The jackal barely misses you. The jackal bites you. The jackal bites you.
The jackal completely misses you. The jackal closely misses you. x2
There is an open gate here.
The jackal attacks as you move away! The jackal closely misses you.
Casting: Foxfire (safe; 9% risk of failure)
Confirm with . or Enter, or press ? or * to list all spells.
You miscast Foxfire.
You are very lightly contaminated with residual magic.
Nothing appears to happen.
The jackal bites you. x2
The jackal attacks as you move away! The jackal barely misses you.
The jackal closely misses you. x2
The jackal bites you but does no damage.
The jackal attacks as you move away! The jackal bites you.
The hobgoblin attacks as you move away! The hobgoblin hits you.
* * * LOW HITPOINT WARNING * * *
The jackal bites you.
* * * LOW HITPOINT WARNING * * *
The jackal completely misses you. The jackal misses you.
The hobgoblin hits you but does no damage.
The jackal bites you.
You die...

#.# ♣♣ #.# #.♣♣ #.#
#..♣♣ #.# #...♣♣ #.#
#....♣ #.# ##....♣♣
#.###......♣
#.##.......♣
#.#8@.8..8.♣ +########
#.'hhg.....♣♣ ........#
#.'h.....<..♣ ........#
#.'........♣♣
........#####.#8..8..8.♣
.....).†.h†...##......♣♣
....#############.....♣
.... ##...♣♣ w... #...♣


You could see 3 jackals and a hobgoblin.

Vanquished Creatures
  A dart slug (D:1)
  A giant cockroach (D:1)
  A goblin (D:1)
  A jackal (D:1)
4 creatures vanquished.

Vanquished Creatures (others)
  5 foxfires (D:1)
5 creatures vanquished.

Grand Total: 9 creatures vanquished

Notes
Turn   | Place    | Note
-------+----------+-------------------------------------------
     0 | D:1      | slushfilter the Demigod Fire Elementalist began the quest
                  | for the Orb.
     0 | D:1      | Reached XP level 1. HP: 14/14 MP: 5/5
   100 | D:1      | Reached skill level 3 in Fire Magic
   111 | D:1      | Slain by a jackal

Illustrated notes

Levels and vault maps discovered:
D:1:      kennysheep_arrival_forest, layout_basic, roderic_serpentine_path

Skill      XL: |  1 |
---------------+----+-----
Fire Magic     | 3 |  3.0
Ranged Weapons | |  0.3
Dodging        | |  1.8
Stealth        | |  1.8
Spellcasting   | |  1.8
Conjurations   | |  0.8

Action                   || total
-------------------------++-------
 Fire: Sling             ||     4
 Cast: Foxfire           ||     7
Armor: Robe              ||     6
Dodge: Dodged            ||    24
